Map: Ruins of Seras

Players

MorN - Winner!

  • Race: Terran Terran

zErOx

  • Race: Protoss Protoss

VOD

Have the link to the VOD?

Description

Time

  • Played on: Nov. 9, 2015, 7:28 p.m.
  • Length: 7:25
Show
View Real Time Build Order
Export as new Build Order

MorN Terran - Winner!

Build Orders: Reaper Expand, MMM Bio 

Get SALT Encoding   

  12  0:00  SCV  
  13  0:13  SCV  
  14  0:25  SCV  
  15  0:29  Supply Depot  
  15  0:51  SCV  
  15  0:52  Barracks  
  16  0:57  Refinery  
  16  1:03  SCV  
  17  1:15  SCV  
  18  1:27  SCV  
  19  1:40  Reaper  
  19  1:41  Orbital Command  
  19  1:45  Command Center  
  20  2:09  SCV  
  21  2:21  Barracks Reactor  
  22  2:22  SCV  
  22  2:23  Barracks  
  22  2:24  Barracks  
  22  2:35  SCV  
  23  2:57  Marine x2  
  25  2:58  Orbital Command  
  25  3:02  SCV  
  26  3:11  Barracks Tech Lab, Marine  
  27  3:14  SCV, Marine  
  27  3:15  Marine  
  30  3:29  Marine  
  30  3:32  Marine  
  32  3:40  Marauder, Stimpack, Marine  
  35  3:41  SCV  
  35  3:47  Marine  
  36  3:50  Marine  
  36  3:52  SCV  
  36  3:53  Supply Depot  
  38  4:11  Supply Depot  
  38  4:14  SCV x2, Marine x4  
  38  4:16  Supply Depot  
  44  4:26  SCV  
  44  4:32  Marine x2  
  44  4:33  SCV, Barracks Tech Lab, Factory  
  44  4:34  Marauder  
  44  4:38  Refinery  
  49  4:40  SCV  
  50  4:46  SCV  
  50  4:52  SCV  
  52  4:56  Bunker  
  52  4:58  SCV  
  52  4:59  Marine x2  
  58  5:00  Marauder x2  
  58  5:03  Supply Depot  
  58  5:04  SCV  
  58  5:06  Supply Depot  
  60  5:10  SCV  
  61  5:16  SCV  
  61  5:21  Starport, Factory Reactor  
  62  5:24  Marine x2  
  62  5:25  SCV, Refinery, Marauder  
  68  5:28  SCV  
  68  5:29  Combat Shields  
  68  5:37  SCV, Engineering Bay  
  68  5:40  SCV  
  70  5:44  Marauder, Marine x2  
  70  5:46  Marauder  
  70  5:47  Supply Depot  
  70  5:48  Supply Depot  
  70  5:49  SCV  
  77  5:52  Concussive Shells  
  77  6:07  Missile Turret  
  77  6:09  Marauder, Medivac  
  77  6:10  Supply Depot  
  77  6:11  Marine x2  
  83  6:15  Medivac  
  85  6:21  SCV  
  85  6:25  Marine  
  87  6:28  Marine  
  87  6:29  Refinery  
  88  6:32  Command Center  
  88  6:36  SCV  
  88  6:39  Supply Depot  
  89  6:40  Marauder, Marine  
  89  6:42  Medivac  
  94  6:50  Marine  
  94  6:51  Marauder  
  97  6:56  SCV  
  97  6:57  Supply Depot  
  98  7:03  Barracks  
  98  7:04  Barracks  
Show
View Real Time Build Order
Export as new Build Order

zErOx Protoss 

Build Orders:  

Get SALT Encoding   

  12  0:01  Probe (Chrono Boost)  
  13  0:13  Probe (Chrono Boost)  
  14  0:21  Pylon  
  14  0:24  Probe (Chrono Boost)  
  15  0:39  Probe (Chrono Boost)  
  15  0:40  Gateway  
  16  0:50  Probe (Chrono Boost)  
  16  0:54  Assimilator  
  17  1:00  Probe (Chrono Boost)  
  18  1:10  Assimilator  
  19  1:11  Probe (Chrono Boost)  
  19  1:22  Probe (Chrono Boost), Pylon  
  20  1:32  Cybernetics Core  
  20  1:56  Nexus  
  20  2:01  Probe (Chrono Boost)  
  21  2:09  Warp Gate (Chrono Boost)  
  21  2:12  Stalker  
  23  2:25  Probe  
  24  2:37  Robotics Facility  
  24  2:38  Probe (Chrono Boost)  
  24  2:58  Probe (Chrono Boost)  
  25  3:00  Stalker  
  27  3:09  Probe (Chrono Boost)  
  27  3:16  Probe (Chrono Boost)  
  27  3:17  Twilight Council  
  28  3:20  Probe (Chrono Boost)  
  28  3:26  Probe (Chrono Boost)  
  30  3:29  Observer  
  29  3:45  Probe x2 (Chrono Boost)  
  31  3:59  Probe x2 (Chrono Boost)  
  32  4:09  Probe (Chrono Boost)  
  33  4:12  Observer  
  34  4:22  Stalker  
  35  4:31  Probe (Chrono Boost)  
  35  4:32  Probe (Chrono Boost)  
  35  4:33  Observer  
  35  4:36  Assimilator  
  38  4:39  Assimilator  
  38  4:42  Probe x2 (Chrono Boost)  
  42  4:53  Probe x2 (Chrono Boost)  
  42  5:00  Blink (Chrono Boost)  
  42  5:02  Probe (Chrono Boost)  
  42  5:03  Probe (Chrono Boost)  
  44  5:13  Probe (Chrono Boost)  
  45  5:14  Probe (Chrono Boost)  
  45  5:15  Gateway  
  45  5:17  Gateway  
  45  5:23  Probe (Chrono Boost)  
  45  5:24  Pylon  
  45  5:25  Pylon  
  46  5:38  Forge  
  46  5:41  Pylon  
  46  5:42  Probe x2 (Chrono Boost)  
  48  5:46  Pylon  
  48  5:52  Probe (Chrono Boost)  
  48  5:53  Probe (Chrono Boost), Observer (Chrono Boost)  
  51  6:04  Probe x2 (Chrono Boost)  
  51  6:09  Gateway  
  53  6:11  Gateway  
  53  6:14  Gateway  
  53  6:16  Probe (Chrono Boost)  
  53  6:17  Probe (Chrono Boost)  
  55  6:22  Gateway  
  55  6:25  Gateway  
  55  6:27  Probe  
  55  6:29  Stalker x2  
  60  6:53  Stalker x2  
  64  7:09  Zealot  
  62  7:20  Zealot x2  
Tags
 
Composition
MMM Bio
Matchup
PvT
Replay Pack
MorN pack 1
Add a new tag
Caveats
  • Supply blocks, unpowered buildings, or Contaminate may cause inaccurate times.
  • Supply counts are checked every 10 seconds.